 Dungeon Crawl Stone Soup version 0.26-a0-662-g8b9c6dab81 (webtiles) character file.

Game seed: 9190116840834972082

530926 grandjackal the Blood Saint (level 24, -6/214 HPs)
             Began as a Demonspawn Gladiator on Oct 9, 2020.
             Was the Champion of Makhleb.
             Mangled by an acid blob (28 damage)
             ... on level 4 of the Pits of Slime.
             The game lasted 01:39:51 (57139 turns).

grandjackal the Blood Saint (Demonspawn Gladiator) Turns: 57139, Time: 01:39:52

Health: -6/214     AC: 15    Str: 25    XL:     24   Next: 96%
Magic:  0/40       EV: 25    Int: 10    God:    Makhleb [******]
Gold:   3145       SH: 12    Dex: 21    Spells: 23/23 levels left

rFire    + . .     SeeInvis +   w - +9 demon blade (elec)
rCold    + . .     Faith    .   a - +3 warlock's mirror {reflect}
rNeg     + + .     Spirit   +   J - +0 troll leather armour
rPois    +         Reflect  +   K - +2 hat of the Bear Spirit {Spirit, +Rage rN+ MR++}
rElec    +         Harm     .   F - +2 cloak {rPois}
rCorr    +         Rampage  .   y - +2 pair of gloves of Mental Paralysis {*Drain rElec Dex+4 SInv}
MR       +++++                  (boots unavailable)
Stlth    +.........             i - amulet "Maex" {rF+ MR++ Regen+}
HPRegen  1.25/turn              M - ring of the Octopus King {rC+ AC+1 EV+1 Str+1 Int+1 Dex+1}
MPRegen  0.54/turn              O - ring "Lupyrid" {MR+ rCorr}

@: mighty, corroded, hasted, very quick
A: hooves 3, iridescent scales 3, dopey 1, negative energy resistance 1, spiny
3, 50% torment resistance, magic shield, magic regeneration, magic link, black
mark
}: 2/15 runes: decaying, gossamer
a: Minor Destruction, Lesser Servant of Makhleb, Major Destruction, Greater
Servant of Makhleb, Renounce Religion, Evoke Berserk Rage


You were on level 4 of the Pits of Slime.
You worshipped Makhleb.
Makhleb was exalted by your worship.
You visited 11 branches of the dungeon, and saw 52 of its levels.
You visited 1 bazaar.
You also visited: Bailey and Ice Cave.

You collected 7825 gold pieces.
You spent 4680 gold pieces at shops.

Inventory:

Hand Weapons
 w - a +9 demon blade of electrocution (weapon)
Missiles
 d - 3 throwing nets (quivered)
Armour
 a - the +3 warlock's mirror (worn) {reflect}
   (You found it on level 2 of the Depths)
 y - the +2 pair of gloves of Mental Paralysis (worn) {*Drain rElec Dex+4 SInv}
   (Okawaru gifted it to you on level 15 of the Dungeon)

   It affects your dexterity (+4).
   It insulates you from electricity.
   It lets you see invisible.
   It causes draining when unequipped.
 B - a +1 plate armour of fire resistance
 F - a +2 cloak of poison resistance (worn)
 J - a +0 troll leather armour (worn)
 K - the +2 hat of the Bear Spirit (worn) {Spirit, +Rage rN+ MR++}
   (You bought it in a shop on level 2 of the Orcish Mines)

   It protects you from negative energy.
   It affects your resistance to hostile enchantments.
   It lets you go berserk.
 R - a +1 tower shield of protection
 T - a +0 kite shield of protection
Jewellery
 i - the amulet "Maex" (around neck) {rF+ MR++ Regen+}
   (You bought it in a shop on level 2 of the Elven Halls)

   [amulet of regeneration]

   It protects you from fire.
   It affects your resistance to hostile enchantments.
   It increases your rate of regeneration.
 q - an uncursed ring of ice
 u - an uncursed ring of protection from fire {unknown}
 C - an uncursed ring of positive energy
 H - an uncursed ring of protection from magic
 M - a ring of the Octopus King (left hand) {rC+ AC+1 EV+1 Str+1 Int+1 Dex+1}
   (You bought it in a shop on level 11 of the Dungeon)

   [ring of protection from cold]

   It affects your AC (+1).
   It affects your evasion (+1).
   It affects your strength (+1).
   It affects your intelligence (+1).
   It affects your dexterity (+1).
   It protects you from cold.
 O - the ring "Lupyrid" (right hand) {MR+ rCorr}
   (You acquired it on level 3 of the Crypt)

   [ring of resist corrosion]

   It affects your resistance to hostile enchantments.
   It provides partial protection from all sources of acid and corrosion.
 U - an uncursed ring of protection from cold
Wands
 c - a wand of acid (35)
 r - a wand of disintegration (15)
 v - a wand of iceblast (59)
 E - a wand of digging (24)
 I - a wand of enslavement (8)
Scrolls
 e - 31 scrolls of remove curse
 g - 4 scrolls of blinking
 h - 6 scrolls of immolation
 k - 12 scrolls of magic mapping
 m - 19 scrolls of teleportation
 t - 13 scrolls of enchant armour
 x - 6 scrolls of fog
 z - 2 scrolls of torment
 D - 17 scrolls of identify
 L - 2 scrolls of silence
 Q - 2 scrolls of brand weapon
 S - 2 scrolls of summoning
 Z - 6 scrolls of fear
Potions
 b - 5 potions of invisibility
 f - 16 potions of curing
 j - 5 potions of heal wounds
 l - 4 potions of might
 n - 13 potions of lignification
 o - 11 potions of haste
 p - 7 potions of flight
 s - 3 potions of magic
 A - 9 potions of stabbing
 G - 8 potions of mutation
 N - 3 potions of berserk rage
 P - 3 potions of cancellation
 X - 3 potions of resistance
 Y - 4 potions of ambrosia


   Skills:
 + Level 23.0 Fighting
 - Level 14.2 Long Blades
 - Level 1.7 Throwing
 + Level 15.3 Armour
 - Level 14.0 Dodging
 - Level 15.0 Shields
 O Level 27 Invocations


You had 23 spell levels left.
You didn't know any spells.
Your spell library contained the following spells:

 Spells                   Type           Power        Failure   Level
 Apportation              Tloc           #.....       38%         1
 Beastly Appendage        Tmut           #.....       38%         1
 Corona                   Hex            #......      38%         1
 Foxfire                  Conj/Fire      #...         38%         1
 Freeze                   Ice            #...         38%         1
 Magic Dart               Conj           #...         38%         1
 Shock                    Conj/Air       #...         38%         1
 Summon Small Mammal      Summ           #...         38%         1
 Blink                    Tloc           N/A          52%         2
 Call Imp                 Summ           #.......     52%         2
 Corpse Rot               Necr/Air       N/A          52%         2
 Ensorcelled Hibernation  Hex/Ice        #.....       52%         2
 Passwall                 Tmut/Erth      #.......     52%         2
 Slow                     Hex            #.......     52%         2
 Swiftness                Air            #.......     52%         2
 Wereblood                Tmut           #.......     52%         2
 Call Canine Familiar     Summ           #.......     77%         3
 Confusing Touch          Hex            #.......     77%         3
 Conjure Flame            Conj/Fire      #.......     77%         3
 Frozen Ramparts          Ice            #.....       77%         3
 Gell's Gravitas          Tloc           #.........   77%         3
 Inner Flame              Hex/Fire       #.......     77%         3
 Lesser Beckoning         Tloc           #.........   77%         3
 Mephitic Cloud           Conj/Pois/Air  #.......     77%         3
 Ozocubu's Armour         Ice            #.......     77%         3
 Portal Projectile        Hex/Tloc       #.....       77%         3
 Spider Form              Tmut/Pois      #.........   77%         3
 Static Discharge         Conj/Air       #.......     77%         3
 Stone Arrow              Conj/Erth      #.....       77%         3
 Summon Guardian Golem    Hex/Summ       #.......     77%         3
 Tukima's Dance           Hex            #.......     77%         3
 Airstrike                Air            #.........   99%         4
 Animate Dead             Necr           #.........   99%         4
 Cause Fear               Hex            #.........   99%         4
 Hailstorm                Conj/Ice       #.......     99%         4
 Ice Form                 Ice/Tmut       #.......     99%         4
 Leda's Liquefaction      Hex/Erth       #.........   99%         4
 Passage of Golubria      Tloc           N/A          99%         4
 Petrify                  Tmut/Erth      #.......     99%         4
 Sticky Flame             Conj/Fire      #.......     99%         4
 Summon Ice Beast         Ice/Summ       #.......     99%         4
 Summon Lightning Spire   Summ/Air       #.......     99%         4
 Alistair's Intoxication  Tmut/Pois      #........    100%        5
 Blade Hands              Tmut           #.........   100%        5
 Bolt of Magma            Conj/Fire/Erth #.........   100%        5
 Borgnjor's Vile Clutch   Necr/Erth      #.........   100%        5
 Fireball                 Conj/Fire      #.........   100%        5
 Irradiate                Conj/Tmut      #.........   100%        5
 Iskenderun's Battlesphe  Conj           #.......     100%        5
 Lee's Rapid Deconstruct  Erth           #.........   100%        5
 Lightning Bolt           Conj/Air       #.........   100%        5
 Metabolic Englaciation   Hex/Ice        #.........   100%        5
 Silence                  Hex/Air        #.........   100%        5
 Summon Forest            Summ/Tloc      #.........   100%        5
 Yara's Violent Unravell  Hex/Tmut       #.........   100%        5
 Death Channel            Necr           #.........   100%        6
 Eringya's Noxious Bog    Tmut/Pois      #.........   100%        6
 Freezing Cloud           Conj/Ice/Air   #.........   100%        6
 Hydra Form               Tmut           #.........   100%        6
 Invisibility             Hex            #.......     100%        6
 Iron Shot                Conj/Erth      #.........   100%        6
 Shadow Creatures         Summ           N/A          100%        6
 Simulacrum               Ice/Necr       #.........   100%        6
 Starburst                Conj/Fire      #.........   100%        6
 Statue Form              Tmut/Erth      #........    100%        6
 Dragon Form              Tmut           #.........   100%        7
 Malign Gateway           Summ/Tloc      #.........   100%        7
 Monstrous Menagerie      Summ           #.........   100%        7
 Orb of Destruction       Conj           #.........   100%        7
 Spellforged Servitor     Conj/Summ      #.........   100%        7
 Summon Greater Demon     Summ           #.........   100%        7
 Summon Hydra             Summ           #.........   100%        7
 Chain Lightning          Conj/Air       #.........   100%        8
 Ignition                 Fire           #.........   100%        8
 Lehudib's Crystal Spear  Conj/Erth      #.........   100%        8
 Summon Horrible Things   Summ           #.........   100%        8
 Absolute Zero            Ice            #.........   100%        9
 Fire Storm               Conj/Fire      #.........   100%        9
 Shatter                  Erth           #.........   100%        9
 Tornado                  Air            #.........   100%        9


Dungeon Overview and Level Annotations

Branches:
Dungeon (15/15)            Temple (1/1) D:6            Lair (6/6) D:11
  Swamp (4/4) Lair:4       Spider (4/4) Lair:3        Slime (5/5) Lair:6
    Orc (2/2) D:10            Elf (3/3) Orc:2        Vaults (4/5) D:14
  Crypt (3/3) Vaults:2       Tomb (0/3) Crypt:3      Depths (5/5) D:15
    Zot (0/5) Depths:5     Bailey (visited)           IceCv (visited)

Altars:
Ashenzari
Dithmenos
Elyvilon
Fedhas
Hepliaklqana
Kikubaaqudgha
Makhleb
Nemelex Xobeh
Okawaru
Ru
Sif Muna
Uskayaw
Vehumet
Xom
Yredelemnul
Zin
The Shining One
Jiyva

Shops:
D:11 =   Orc:1 [   Orc:2 }?[*   Elf:1 !   Elf:2 =   Elf:3 ![   Depths:5 }==

Portals:
Hell: Depths:1 Depths:2 Depths:3 Depths:4 Depths:5
Abyss: Depths:4
Pandemonium: Orc:2 Depths:3
Ziggurat: Depths:5
Trove: Elf:3 (give 4 potions of resistance)

Annotations:
D:9 1 runed translucent door, SkiChan's ghost, novice MiBe
Elf:2 3 runed translucent doors


Innate Abilities, Weirdness & Mutations

You have hooves in place of feet.
You are completely covered in iridescent scales. (AC +6)
You resist negative energy. (rN+)
You are completely covered in sharp spines.
You are somewhat able to resist unholy torments (1 in 2 success).
When hurt, damage is shared between your health and your magic reserves.
You regenerate magic rapidly.
When low on magic, you restore magic in place of health.
Your melee attacks may debilitate your foes.
You are dopey. (Int -2)


Message History

The acid blob is struck by your spines. The acid blob hits you!
* * * LOW HITPOINT WARNING * * *
You are splashed with acid.
You resist.
* * * LOW HITPOINT WARNING * * *
Unknown command.
Unknown command.
Unknown command.
You slash the acid blob!
Lightning courses through the acid blob!
You kill the acid blob!
That felt strangely unrewarding.
Unknown command.
Unknown command.
Unknown command.
You slice the acid blob!!
Your hands burn!
* * * LOW HITPOINT WARNING * * *
You kick the acid blob!!
The acid blob is almost dead.
The acid blob hits you!!
You die...

###......
##.#........
#..........##
#..........##
##...........# #
#.#....#....## .##
......#......#...#
#.....<......#
#.....J@.....#
#.....>J....##
.............###
.............#
..............#
...#.........##
....#........#
#...........##
........##


You could see 2 acid blobs.

Vanquished Creatures
  the Royal Jelly (Slime:5)
  3 juggernauts
  Mara (Crypt:3)
  An ancient lich (Crypt:3)
  Boris (Depths:5)
  Xtahua (Depths:3)
  Saint Roka (Vaults:1)
  2 caustic shrikes
  A bone dragon (Crypt:3)
  4 tentacled monstrosities
  7 liches
  Jorgrun (Swamp:2)
  A quicksilver dragon (Depths:3)
  9 titans
  7 deep elf master archers
  8 deep elf blademasters
  2 sphinxes (Depths:3)
  8 acid blobs
  5 ancient champions (Crypt:3)
  4 storm dragons
  4 tengu reavers
  Kirke (Spider:4)
  5 revenants
  A thorn hunter (Swamp:4)
  5 shadow dragons
  3 nagarajas (Depths:2)
  5 azure jellies
  An iron dragon (Depths:3)
  22 frost giants
  6 vault wardens
  13 fire giants
  3 deep elf sorcerers (Elf:3)
  Louise (Spider:4)
  3 orc warlords
  3 ghost moths
  20 very ugly things
  Aizul (Vaults:1)
  5 deep elf elementalists
  A draconian stormcaller (Depths:5)
  6 emperor scorpions
  A draconian annihilator (Depths:5)
  A war gargoyle (Vaults:2)
  6 spriggan defenders
  10 ironheart preservers
  6 caustic shrike skeletons (Crypt:3)
  17 stone giants
  6 deep elf demonologists
  10 vampire knights
  4 green draconians
  4 white draconians
  3 deep elf annihilators
  A yellow draconian (Depths:5)
  7 spark wasps
  A black draconian (Vaults:4)
  6 purple draconians
  2 red draconians (Vaults:1)
  4 merfolk javelineers
  A merfolk impaler (Depths:2)
  2 minotaurs
  3 eidola
  12 deep elf death magi
  8 ettins
  7 fire dragons
  A crystal guardian (Vaults:3)
  9 rakshasas
  11 great orbs of eyes
  10 jiangshi
  15 yaktaur captains
  A quicksilver dragon skeleton (Crypt:3)
  2 deep elf high priests (Elf:3)
  A vault guard (Vaults:2)
  13 ogre magi
  5 death oozes
  3 naga warriors
  A ghost crab (Swamp:3)
  Erolcha (D:10)
  20 ice dragons
  9 hydras
  10 boulder beetles
  Erica (D:9)
  3 spriggan air magi
  An anaconda (Depths:2)
  7 centaur warriors
  A shambling mangrove (Swamp:3)
  5 death knights
  18 alligators
  11 death yaks
  9 vampire magi
  26 two-headed ogres
  6 tengu warriors
  7 deep troll shamans
  18 dancing weapons
  9 deep troll earth magi
  A titan zombie (Crypt:2)
  The ghost of TigOlBitties the Jinx, a journeyman SpEn of Gozag (Lair:1)
  2 orc high priests (Orc:2)
  4 spriggan berserkers
  20 deep elf knights
  2 soul eaters
  15 spriggans
  A titan skeleton (Crypt:3)
  3 salamander mystics
  35 skeletal warriors
  A golden dragon zombie (Crypt:3)
  12 hell knights
  2 shadow wraiths
  An iron giant zombie (Crypt:2)
  3 iron trolls
  11 flayed ghosts
  A deep troll (shapeshifter) (Vaults:2)
  3 infernal demonspawn (Orc:2)
  A glowing orange brain (Depths:5)
  A gelid demonspawn (Orc:2)
  20 deep trolls
  A swamp dragon (shapeshifter) (D:15)
  A harpy (Vaults:4)
  15 ironbrand convokers
  A lindwurm (shapeshifter) (Depths:2)
  6 wizards
  A large abomination (Elf:3)
  A shadow dragon zombie (Crypt:2)
  6 necromancers
  18 deep elf archers
  4 swamp dragons
  17 orb spiders
  66 deep elf magi
  A harpy (shapeshifter) (Vaults:1)
  6 phantasmal warriors
  18 orc knights
  A shadow dragon skeleton (Crypt:3)
  11 orc sorcerers
  A wolf spider zombie (D:15)
  49 ugly things
  8 cyclopes
  A sphinx skeleton (Crypt:2)
  11 salamanders
  A salamander (shapeshifter) (Depths:2)
  3 shining eyes
  A stone giant skeleton (Crypt:3)
  39 wolf spiders
  2 fire giant skeletons (Crypt:3)
  10 black mambas
  7 guardian serpents
  2 naga magi
  2 frost giant skeletons
  7 elephants (Lair:4)
  7 vault sentinels
  Joseph (D:8)
  An orange demon (Orc:2)
  An ice statue (IceCv)
  An emperor scorpion zombie (Crypt:3)
  A dire elephant skeleton (Crypt:2)
  A water nymph (shapeshifter) (Depths:3)
  30 cane toads
  A rime drake (shapeshifter) (Vaults:4)
  11 demonic crawlers
  14 freezing wraiths
  A yaktaur zombie (D:15)
  27 yaktaurs
  3 rime drakes
  2 yaktaur skeletons (D:15)
  A black draconian skeleton (Crypt:3)
  A komodo dragon (shapeshifter) (Vaults:3)
  A sea snake skeleton (Crypt:2)
  16 komodo dragons
  A hellwing (Orc:2)
  A queen ant zombie (Crypt:1)
  A tengu conjurer (Depths:4)
  9 trolls
  12 merfolk
  An ice devil (Orc:2)
  A meliai (shapeshifter) (Depths:4)
  17 polar bears
  A queen bee (Lair:4)
  28 jumping spiders
  17 blink frogs
  3 meliai (Lair:4)
  A guardian serpent zombie (Crypt:2)
  3 hydra skeletons
  8 dream sheep
  22 hornets
  8 tyrant leeches
  6 bog bodies
  A blink frog (shapeshifter) (Vaults:3)
  36 slime creatures
  3 air elementals
  An ettin skeleton (Crypt:3)
  A satyr skeleton (Crypt:1)
  Sigmund (D:3)
  A fire dragon skeleton (Crypt:3)
  A tarantella (shapeshifter) (Depths:1)
  11 flying skulls (Crypt:1)
  69 redbacks
  5 water elementals
  5 shadows
  24 tarantellas
  2 deep troll skeletons
  19 wraiths
  An ice dragon skeleton (Crypt:3)
  A yak (shapeshifter) (Vaults:1)
  A vampire (D:11)
  Eustachio (D:5)
  A chaos spawn (Orc:2)
  18 wyverns
  A basilisk (shapeshifter) (Vaults:3)
  4 basilisks
  A steam dragon (shapeshifter) (Vaults:3)
  A neqoxec (Orc:2)
  61 yaks
  A golden eye (shapeshifter) (Depths:1)
  2 fire elementals (Elf:1)
  3 golden eyes (Slime:2)
  A steam dragon (Lair:6)
  16 vampire mosquitoes
  5 swamp worm simulacra (Swamp:4)
  Menkaure (D:7)
  15 nagas
  7 wargs
  3 insubstantial wisps (Swamp:3)
  A warg (shapeshifter) (Vaults:1)
  13 hydra simulacra (Swamp:4)
  14 swamp worms
  3 acid dragons
  4 floating eyes
  24 water moccasins
  A two-headed ogre skeleton (Crypt:1)
  10 swamp drakes
  4 black bears
  2 ice beasts
  2 hornet zombies
  50 orc warriors
  A black bear (shapeshifter) (Depths:3)
  4 phantoms
  A sky beast (D:15)
  2 eyes of draining
  2 necrophages
  30 ogres
  4 boggarts
  A torpor snail zombie (Crypt:1)
  26 centaurs
  A snapping turtle skeleton (Crypt:3)
  A swamp dragon skeleton (Crypt:1)
  30 wolves
  4 big kobolds
  20 bullfrogs
  4 earth elementals
  3 scorpions
  24 killer bees
  2 human simulacra
  A warg skeleton (Crypt:3)
  2 spriggan skeletons
  23 wights
  2 electric eels (Elf:3)
  4 howler monkeys
  A lava snake (Lair:4)
  4 centaur zombies
  3 bullfrog zombies
  A human zombie (Crypt:3)
  A gnoll shaman (D:8)
  7 hounds
  4 jellies
  28 orc priests
  6 centaur skeletons
  A bullfrog skeleton (D:5)
  6 iguanas
  26 orc wizards
  11 worker ants
  2 demigod zombies
  A dwarf zombie (Crypt:2)
  An ogre skeleton (Crypt:3)
  A worker ant zombie (D:7)
  Robin (D:2)
  6 gnolls
  8 adders
  A shadow imp (D:6)
  2 white imps
  An ufetubus (D:5)
  An ooze (D:4)
  3 swamp drake simulacra (Swamp:4)
  An adder zombie (D:7)
  A lava snake skeleton (Crypt:1)
  2 adder skeletons
  6 worms
  10 leopard geckos
  119 orcs
  4 ball pythons
  9 bats
  2 giant cockroaches
  19 goblins
  13 hobgoblins
  2 jackals (D:5)
  3 quokkas
  A ball python zombie (Crypt:2)
  A frilled lizard (D:5)
  A jackal zombie (Crypt:1)
  25 kobolds
  A leopard gecko skeleton (D:5)
  10 rats
  2 crawling corpses (Elf:3)
2256 creatures vanquished.

Vanquished Creatures (collateral kills)
  A death ooze (Slime:5)
1 creature vanquished.

Vanquished Creatures (others)
  A lich (Depths:4)
  A fire giant (Depths:2)
  A necromancer (Depths:1)
  A deep elf mage (Vaults:1)
  A cane toad (Swamp:3)
  A yaktaur (Depths:3)
  A jumping spider (Spider:4)
  4 slime creatures (Swamp:4)
  A hornet (Swamp:1)
  4 dream sheep (Lair:3)
  A redback (Spider:4)
  A human (Spider:4)
  A warg (shapeshifter) (Vaults:3)
  A water moccasin (Depths:2)
  A swamp drake (Swamp:3)
  An orc wizard (Vaults:2)
  An orc (Vaults:4)
  39 fungi
  59 plants
  14 withered plants
135 creatures vanquished.

Grand Total: 2392 creatures vanquished

Notes
Turn   | Place    | Note
-------+----------+-------------------------------------------
     0 | D:1      | grandjackal the Demonspawn Gladiator began the quest for
                  | the Orb.
     0 | D:1      | Reached XP level 1. HP: 16/16 MP: 1/1
   349 | D:1      | Gained mutation: You are partially covered in iridescent
                  | scales. (AC +2) [demonic ancestry]
   349 | D:1      | Reached XP level 2. HP: 22/22 MP: 2/2
  1110 | D:2      | Gained mutation: When hurt, damage is shared between your
                  | health and your magic reserves. [demonic ancestry]
  1110 | D:2      | Reached XP level 3. HP: 19/28 MP: 3/3
  1861 | D:2      | Noticed Robin
  1898 | D:2      | Killed Robin
  1898 | D:2      | Gained mutation: You regenerate magic rapidly. [demonic
                  | ancestry]
  1898 | D:2      | Reached XP level 4. HP: 22/35 MP: 2/4
  2975 | D:3      | Found a shadowy altar of Dithmenos.
  3308 | D:3      | Noticed Sigmund
  3317 | D:3      | Killed Sigmund
  3317 | D:3      | Reached XP level 5. HP: 33/42 MP: 5/5
  3317 | D:3      | Gained mutation: You are mostly covered in iridescent
                  | scales. (AC +4) [demonic ancestry]
  3317 | D:3      | Reached XP level 6. HP: 37/48 MP: 6/6
  4161 | D:5      | Entered Level 5 of the Dungeon
  4655 | D:5      | Gained mutation: You have large cloven feet. [demonic
                  | ancestry]
  4655 | D:5      | Reached XP level 7. HP: 52/55 MP: 7/7
  4722 | D:4      | Reached skill level 5 in Fighting
  4722 | D:4      | Reached skill level 5 in Long Blades
  5009 | D:3      | Reached skill level 5 in Dodging
  5728 | D:5      | Reached XP level 8. HP: 62/63 MP: 8/8
  5798 | D:5      | Noticed Eustachio
  5831 | D:5      | Killed Eustachio
  6764 | D:6      | Found a staircase to the Ecumenical Temple.
  6848 | Temple   | Entered the Ecumenical Temple
  7010 | Temple   | Became a worshipper of Warmaster Okawaru
  7056 | D:6      | Found a sparkling altar of Nemelex Xobeh.
  7295 | D:6      | Found a blossoming altar of Fedhas.
  7640 | D:7      | Gained mutation: You are partially covered in sharp spines.
                  | [demonic ancestry]
  7640 | D:7      | Reached XP level 9. HP: 46/72 MP: 9/9
  7650 | D:7      | Found a flagged portal.
  7758 | Bailey   | Entered a bailey
  7761 | Bailey   | Reached skill level 1 in Invocations
  7761 | Bailey   | Noticed an orc knight
  7773 | D:7      | Noticed Menkaure
  7781 | D:7      | Killed Menkaure
  7781 | D:7      | Reached * piety under Okawaru
  7942 | D:7      | Reached skill level 2 in Invocations
  8578 | D:7      | Reached skill level 3 in Invocations
  9488 | D:8      | Reached skill level 4 in Invocations
  9578 | D:8      | Noticed Maurice
  9579 | D:8      | Noticed Maurice
  9579 | D:8      | Maurice changed into Maurice the bullfrog
  9583 | D:8      | Killed Maurice the bullfrog
  9583 | D:8      | Reached ** piety under Okawaru
  9686 | D:8      | Noticed Joseph
  9744 | D:8      | Killed Joseph
  9945 | D:8      | Reached skill level 5 in Invocations
 10358 | D:8      | Found a burning altar of Makhleb.
 10358 | D:8      | Noticed an Executioner
 10362 | D:8      | Noticed a hellwing
 10362 | D:8      | Noticed a hellwing
 10440 | D:9      | Gained mutation: You are mostly covered in sharp spines.
                  | [demonic ancestry]
 10440 | D:9      | Reached XP level 10. HP: 80/80 MP: 13/13
 10622 | D:9      | Found a white marble altar of Elyvilon.
 10794 | D:9      | Found a runed translucent door.
 10795 | D:9      | Noticed SkiChan's ghost (novice MiBe)
 10806 | D:9      | Noticed Erica
 10824 | D:9      | Killed Erica
 11177 | D:10     | Entered Level 10 of the Dungeon
 11185 | D:10     | Reached skill level 6 in Invocations
 11247 | D:10     | Found a staircase to the Orcish Mines.
 11268 | D:10     | Reached *** piety under Okawaru
 11439 | D:10     | Noticed Erolcha
 11451 | D:10     | Killed Erolcha
 11982 | D:11     | Noticed a red ugly thing
 11988 | D:11     | Reached skill level 7 in Invocations
 11995 | D:11     | Killed a red ugly thing
 12081 | D:11     | Received a gift from Okawaru
 12149 | D:11     | Reached **** piety under Okawaru
 12157 | D:11     | Gained mutation: You have hoof-like feet. [demonic
                  | ancestry]
 12157 | D:11     | Reached XP level 11. HP: 41/89 MP: 13/16
 12313 | D:11     | Reached skill level 8 in Invocations
 12538 | D:11     | Found a staircase to the Lair.
 12646 | D:11     | Found Cuzik's Jewellery Shop.
 12647 | D:11     | Noticed a two-headed ogre
 12661 | D:11     | Killed a two-headed ogre
 12661 | D:11     | Reached skill level 1 in Armour
 12665 | D:11     | Bought a ring of the Octopus King {rC+ AC+1 EV+1 Str+1
                  | Int+1 Dex+1} for 607 gold pieces
 12665 | D:11     | Found the ring of the Octopus King {rC+ AC+1 EV+1 Str+1
                  | Int+1 Dex+1}
 12682 | D:11     | Noticed a red ugly thing
 12687 | D:11     | Killed a red ugly thing
 12786 | D:11     | Noticed a brown ugly thing
 12787 | D:11     | Noticed a cyan ugly thing
 12793 | D:11     | Killed a brown ugly thing
 12807 | D:11     | Killed a cyan ugly thing
 12807 | D:11     | Reached ***** piety under Okawaru
 13008 | D:11     | Noticed a purple ugly thing
 13021 | D:11     | Killed a purple ugly thing
 13392 | D:12     | Reached skill level 10 in Fighting
 13392 | D:12     | Reached skill level 9 in Invocations
 13479 | D:12     | Received a gift from Okawaru
 13991 | D:12     | Found a glowing golden altar of the Shining One.
 14073 | D:12     | Reached skill level 10 in Invocations
 14121 | D:12     | Got a scorched sapphire amulet
 14132 | D:12     | Identified the amulet of Idda Aqe {Spirit MR- Str+4 Dex+6}
                  | (You found it on level 12 of the Dungeon)
 14426 | Orc:1    | Entered Level 1 of the Orcish Mines
 14547 | Orc:2    | Entered Level 2 of the Orcish Mines
 14583 | Orc:1    | Found Qoadafid's Armour Shoppe.
 14587 | Orc:1    | Reached skill level 10 in Long Blades
 14603 | Orc:1    | Gained mutation: You resist negative energy. (rN+) [demonic
                  | ancestry]
 14603 | Orc:1    | Reached XP level 12. HP: 69/99 MP: 19/19
 15346 | Orc:2    | Found a staircase to the Elven Halls.
 15488 | Orc:2    | Received a gift from Okawaru
 15513 | Orc:2    | Received a gift from Okawaru
 15517 | Orc:2    | Found Kintokli's General Store.
 15539 | Orc:2    | Got a bloodstained dagger {god gift}
 15542 | Orc:2    | Found Immuypri's Magic Scroll Emporium.
 15742 | Orc:2    | Bought a scroll of random uselessness for 13 gold pieces
 15742 | Orc:2    | Bought a scroll of amnesia for 45 gold pieces
 15742 | Orc:2    | Bought a scroll of silence for 97 gold pieces
 15742 | Orc:2    | Bought 3 scrolls of identify for 78 gold pieces
 15742 | Orc:2    | Bought a scroll of identify for 26 gold pieces
 15749 | Orc:2    | Bought a potion of heal wounds for 75 gold pieces
 15783 | Orc:2    | Reached skill level 11 in Invocations
 16079 | Orc:2    | Noticed an orc high priest
 16093 | Orc:2    | Killed an orc high priest
 16093 | Orc:2    | Reached ****** piety under Okawaru
 16116 | Orc:2    | Received a gift from Okawaru
 16116 | Orc:2    | Reached skill level 10 in Dodging
 16120 | Orc:2    | Paralysed by an orc sorcerer for 6 turns
 16342 | Orc:2    | Paralysed by an orc sorcerer for 3 turns
 16355 | Orc:2    | Noticed an orc high priest
 16397 | Orc:2    | Killed an orc high priest
 16397 | Orc:2    | Reached skill level 12 in Invocations
 16602 | Orc:2    | Reached XP level 13. HP: 23/107 MP: 9/22
 16737 | Orc:2    | Found Ziomm's Gadget Boutique.
 16737 | Orc:2    | Found Yrphoith's Antique Armour Shop.
 16737 | Orc:2    | Found a one-way gate leading to the halls of Pandemonium.
 17009 | Lair:1   | Entered Level 1 of the Lair of Beasts
 17080 | Lair:1   | Found a frozen archway.
 17097 | IceCv    | Entered an ice cave
 17174 | IceCv    | Received a gift from Okawaru
 17179 | IceCv    | Got a warped chain mail
 17295 | IceCv    | Received a gift from Okawaru
 17497 | IceCv    | Noticed a white draconian
 17528 | IceCv    | Killed a white draconian
 17528 | IceCv    | Reached skill level 13 in Invocations
 17761 | Lair:1   | Noticed TigOlBitties's ghost (journeyman SpEn)
 17764 | Lair:1   | Found a runed translucent door.
 17783 | Lair:1   | Killed TigOlBitties's ghost
 19375 | Lair:3   | Received a gift from Okawaru
 19570 | Lair:3   | Found a hole to the Spider Nest.
 19598 | Lair:3   | Gained mutation: You are completely covered in sharp
                  | spines. [demonic ancestry]
 19598 | Lair:3   | Reached XP level 14. HP: 116/116 MP: 24/24
 19840 | Lair:3   | Found a shimmering altar of Xom.
 20365 | Lair:4   | Received a gift from Okawaru
 20365 | Lair:4   | Reached skill level 14 in Invocations
 20680 | Lair:4   | Found a staircase to the Swamp.
 21995 | Lair:6   | Entered Level 6 of the Lair of Beasts
 22050 | Lair:6   | Received a gift from Okawaru
 22100 | Lair:6   | Found a sparkling altar of Nemelex Xobeh.
 22131 | Lair:6   | Reached skill level 15 in Invocations
 22412 | Lair:6   | Reached XP level 15. HP: 114/125 MP: 26/26
 22523 | Lair:6   | Identified the +7 chain mail "Tuedghou" {Int+3} (You found
                  | it in an ice cave)
 22567 | Lair:6   | Found a viscous altar of Jiyva.
 22568 | Lair:6   | Found a staircase to the Slime Pits.
 23201 | Lair:6   | Received a gift from Okawaru
 23705 | Orc:2    | Bought a scroll of acquirement for 780 gold pieces
 23705 | Orc:2    | Acquired 714 gold pieces
 23736 | Orc:2    | Bought the +2 hat of the Bear Spirit {Spirit, +Rage rN+
                  | MR++} for 977 gold pieces
 23736 | Orc:2    | Found the +2 hat of the Bear Spirit {Spirit, +Rage rN+
                  | MR++}
 24631 | D:14     | Found a gate to the Vaults.
 24638 | D:14     | Reached skill level 16 in Invocations
 25314 | D:15     | Entered Level 15 of the Dungeon
 25574 | D:15     | Received a gift from Okawaru
 25583 | D:15     | Got an ancient triple sword {god gift}
 25584 | D:15     | Identified the +5 triple sword of Neuvami {pain, Str+4
                  | Dex-2} (Okawaru gifted it to you on level 15 of the
                  | Dungeon)
 25863 | D:15     | Found a staircase to the Depths.
 26091 | D:15     | Reached XP level 16. HP: 118/134 MP: 28/28
 26184 | D:15     | Received a gift from Okawaru
 26358 | D:15     | Got a pair of distressingly furry gloves {god gift}
 26364 | D:15     | Identified the +2 pair of gloves of Mental Paralysis
                  | {*Drain rElec Dex+4 SInv} (Okawaru gifted it to you on
                  | level 15 of the Dungeon)
 26643 | Swamp:1  | Entered Level 1 of the Swamp
 27286 | Swamp:2  | Reached skill level 17 in Invocations
 27291 | Swamp:2  | Reached skill level 15 in Fighting
 27727 | Swamp:2  | Noticed Jorgrun
 27737 | Swamp:2  | Killed Jorgrun
 28271 | Swamp:3  | Received a gift from Okawaru
 28623 | Orc:2    | Bought a jewelled kite shield for 237 gold pieces
 29518 | Swamp:4  | Entered Level 4 of the Swamp
 29529 | Swamp:4  | Identified the +0 kite shield "Vuomi" {*Corrode +Blink
                  | rPois} (You bought it in a shop on level 2 of the Orcish
                  | Mines)
 29541 | Swamp:4  | Reached skill level 1 in Shields
 30004 | Swamp:4  | Noticed a thorn hunter
 30019 | Swamp:4  | Killed a thorn hunter
 30019 | Swamp:4  | Received a gift from Okawaru
 30238 | Swamp:4  | Received a gift from Okawaru
 30525 | Swamp:4  | Got a decaying rune of Zot
 31056 | Spider:1 | Entered Level 1 of the Spider Nest
 31082 | Spider:1 | Gained mutation: You have hooves in place of feet. [demonic
                  | ancestry]
 31082 | Spider:1 | Reached XP level 17. HP: 129/142 MP: 29/29
 31282 | Spider:1 | Reached skill level 18 in Invocations
 31500 | Spider:1 | Reached skill level 5 in Shields
 32269 | Spider:2 | Paralysed by a hornet for 1 turns
 32300 | Spider:2 | Identified the +5 ring mail "Vebbaen" {Harm *Slow Dex+4}
                  | (You found it on level 2 of the Spider Nest)
 32343 | Spider:2 | Received a gift from Okawaru
 32565 | Spider:2 | Paralysed by a hornet for 1 turns
 34038 | Spider:3 | Received a gift from Okawaru
 34575 | Spider:4 | Entered Level 4 of the Spider Nest
 34621 | Spider:4 | Noticed Louise
 34650 | Spider:4 | Killed Louise
 34811 | Spider:4 | Noticed Kirke
 34823 | Spider:4 | Killed Kirke
 35023 | Spider:4 | Reached skill level 19 in Invocations
 35060 | Spider:4 | Received a gift from Okawaru
 35070 | Spider:4 | Reached XP level 18. HP: 63/153 MP: 1/31
 35091 | Spider:4 | HP: 4/153 [emperor scorpion (8)]
 35096 | Spider:4 | HP: 5/153 [poisoned by an emperor scorpion]
 35101 | Spider:4 | HP: 6/153 [poisoned by an emperor scorpion]
 35647 | Spider:4 | Got a gossamer rune of Zot
 35678 | Spider:4 | Identified the +0 pair of gloves "Qashroarawk" {+Fly Regen+
                  | Str-2 Dex-4} (Okawaru gifted it to you on level 4 of the
                  | Spider Nest)
 35991 | Orc:2    | Bought a scroll of enchant weapon for 112 gold pieces
 36018 | Elf:1    | Entered Level 1 of the Elven Halls
 36096 | Elf:1    | Found a shimmering blue altar of Sif Muna.
 36269 | Elf:1    | Found Ipeurol's Distillery.
 36277 | Elf:1    | Bought a potion of berserk rage for 90 gold pieces
 36353 | Elf:1    | Reached skill level 10 in Shields
 36920 | Elf:2    | Found Zuanupud's Jewellery Shoppe.
 36936 | Elf:2    | Received a gift from Okawaru
 36997 | Elf:2    | Bought the amulet "Maex" {rF+ MR++ Regen+} for 733 gold
                  | pieces
 37177 | Elf:2    | Received a gift from Okawaru
 37264 | Elf:2    | Found a runed translucent gate.
 37264 | Elf:2    | Found a runed translucent gate.
 37264 | Elf:2    | Found a runed translucent gate.
 37498 | Elf:3    | Entered Level 3 of the Elven Halls
 37597 | Elf:3    | Found Deisy's Distillery.
 37634 | Elf:3    | Found a flickering gateway to a bazaar.
 37638 | Elf:3    | Found Dopehudgh's Armour Boutique.
 37676 | Bazaar   | Entered a bazaar
 37676 | Bazaar   | Found Oruiwymp's Magic Scroll Emporium.
 37705 | Bazaar   | Found Impid's Armour Shoppe.
 37709 | Bazaar   | Found Zeogyril's Jewellery Shoppe.
 37720 | Bazaar   | Found Ezast's Antique Weapon Boutique.
 37756 | Bazaar   | Bought a scroll of fear for 52 gold pieces
 37756 | Bazaar   | Bought a scroll of fog for 30 gold pieces
 38013 | Elf:3    | Found a radiant altar of Vehumet.
 38051 | Elf:3    | Found a portal to a secret trove of treasure.
 38156 | Elf:3    | Reached skill level 20 in Invocations
 38162 | Elf:3    | Noticed a Brimstone Fiend
 38504 | Elf:3    | Received a gift from Okawaru
 38628 | Elf:3    | Received a gift from Okawaru
 38651 | Elf:3    | Reached XP level 19. HP: 137/161 MP: 33/33
 38657 | Elf:3    | Received a gift from Okawaru
 39485 | Elf:3    | Bought a potion of resistance for 100 gold pieces
 39485 | Elf:3    | Bought a potion of mutation for 80 gold pieces
 39485 | Elf:3    | Bought a potion of mutation for 80 gold pieces
 39694 | D:8      | Fell from the grace of Okawaru
 39694 | D:8      | Became a worshipper of Makhleb the Destroyer
 39838 | Vaults:1 | Entered Level 1 of the Vaults
 39841 | Vaults:1 | Noticed Saint Roka
 39864 | Vaults:1 | Killed Saint Roka
 39978 | Vaults:1 | Reached * piety under Makhleb
 40050 | Vaults:1 | HP: 7/162 [frost giant/+2 battleaxe of freezing[the fury of
                  | Okawaru] (18)]
 40614 | Vaults:1 | Noticed Aizul
 40636 | Vaults:1 | Killed Aizul
 40726 | Vaults:1 | Reached ** piety under Makhleb
 41368 | Vaults:1 | Reached skill level 21 in Invocations
 41947 | Vaults:1 | HP: 6/163 [fire giant/bolt of fire[the fury of Okawaru]
                  | (12)]
 42502 | Vaults:2 | Reached *** piety under Makhleb
 42545 | Vaults:2 | Gained mutation: You are completely covered in iridescent
                  | scales. (AC +6) [demonic ancestry]
 42545 | Vaults:2 | Reached XP level 20. HP: 170/170 MP: 34/34
 43245 | Vaults:2 | Reached **** piety under Makhleb
 43299 | Vaults:2 | Found a staircase to the Crypt.
 43299 | Vaults:2 | Found a basalt altar of Yredelemnul.
 43300 | Vaults:2 | Found an ancient bone altar of Kikubaaqudgha.
 43794 | Vaults:3 | Reached ***** piety under Makhleb
 43872 | Vaults:3 | Reached skill level 15 in Shields
 44205 | Vaults:3 | HP: 6/172 [titan[the fury of Okawaru] (43)]
 44210 | Vaults:3 | HP: 8/172 [poisoned by a merfolk]
 45106 | Vaults:3 | HP: 4/172 [minotaur[the fury of Okawaru] (8)]
 45645 | Vaults:4 | Reached skill level 5 in Armour
 45653 | Vaults:4 | Reached skill level 22 in Invocations
 46026 | Vaults:4 | Was forgiven by Okawaru
 46748 | Vaults:4 | Gained mutation: When low on magic, you restore magic in
                  | place of health. [demonic ancestry]
 46748 | Vaults:4 | Reached XP level 21. HP: 180/180 MP: 36/36
 47319 | Crypt:1  | Entered Level 1 of the Crypt
 47446 | Crypt:1  | Reached ****** piety under Makhleb
 47694 | Crypt:1  | Found an ancient bone altar of Kikubaaqudgha.
 48469 | Crypt:2  | HP: 6/181 [jiangshi (5)]
 48471 | Crypt:2  | Reached skill level 23 in Invocations
 48868 | Crypt:3  | Entered Level 3 of the Crypt
 49236 | Crypt:3  | Acquired the ring "Lupyrid" {MR+ rCorr}
 49759 | Crypt:3  | Gained mutation: You are somewhat able to resist unholy
                  | torments (1 in 2 success). [demonic ancestry]
 49759 | Crypt:3  | Reached XP level 22. HP: 190/190 MP: 35/37
 50018 | Crypt:3  | Found a staircase to the Tomb.
 50098 | Crypt:3  | Noticed Mara
 50119 | Crypt:3  | Noticed grandjackal's illusion
 50137 | Crypt:3  | Killed Mara
 50137 | Crypt:3  | Reached skill level 10 in Armour
 50318 | Crypt:3  | Reached skill level 24 in Invocations
 50426 | Crypt:3  | Noticed an ancient lich
 50445 | Crypt:3  | Killed an ancient lich
 50459 | Crypt:3  | Got a sparkling steel ring
 50478 | Crypt:3  | Identified the ring of the Unkillable {+Inv rF- Str+6
                  | Dex+4} (You found it on level 3 of the Crypt)
 50784 | Depths:1 | Entered Level 1 of the Depths
 51077 | Depths:1 | Found the +4 moon troll leather armour {Spirit, Regen++
                  | MP+5}
 51281 | Depths:1 | Found a sparkling altar of Nemelex Xobeh.
 51535 | Depths:1 | Found a gateway to Hell.
 52253 | Depths:2 | Found the +3 warlock's mirror {reflect}
 52874 | Depths:3 | Found a basalt altar of Yredelemnul.
 52875 | Depths:3 | Found a hide-covered altar of Uskayaw.
 52875 | Depths:3 | Found an iron altar of Okawaru.
 52960 | Depths:3 | Noticed Xtahua
 52967 | Depths:3 | Gained mutation: Your melee attacks may debilitate your
                  | foes. [demonic ancestry]
 52967 | Depths:3 | Reached XP level 23. HP: 200/200 MP: 39/39
 52981 | Depths:3 | Killed Xtahua
 53041 | Depths:3 | Reached skill level 25 in Invocations
 53151 | Depths:3 | You fall into a shaft and drop 2 floors!
 53151 | Depths:5 | Entered Level 5 of the Depths
 53151 | Depths:5 | Noticed Boris
 53167 | Depths:5 | Killed Boris
 53180 | Depths:5 | Noticed a juggernaut
 53311 | Depths:5 | Found a gate to the Realm of Zot.
 53671 | Depths:5 | Found a gateway to a ziggurat.
 53798 | Depths:5 | Found Pysaty's Gadget Boutique.
 53798 | Depths:5 | Found Waecout's Jewellery Shoppe.
 53799 | Depths:5 | Found Zacaak's Jewellery Shoppe.
 54093 | Depths:4 | Found a one-way gate to the infinite horrors of the Abyss.
 54640 | Depths:4 | Noticed a caustic shrike
 54641 | Depths:4 | Noticed a juggernaut
 54648 | Depths:4 | Killed a caustic shrike
 54660 | Depths:4 | Killed a juggernaut
 54668 | Depths:4 | Reached skill level 26 in Invocations
 54731 | Depths:4 | Reached XP level 24. HP: 174/210 MP: 28/40
 54769 | Depths:4 | Identified the Tome of Burning Cold
 55339 | Depths:3 | Noticed a juggernaut
 55352 | Depths:3 | Killed a juggernaut
 55515 | Depths:3 | Noticed a juggernaut
 55531 | Depths:3 | Killed a juggernaut
 56475 | Elf:1    | Bought a potion of mutation for 144 gold pieces
 56475 | Elf:1    | Bought a potion of haste for 180 gold pieces
 56475 | Elf:1    | Bought 2 potions of might for 144 gold pieces
 56807 | Slime:1  | Entered Level 1 of the Pits of Slime
 56874 | Slime:3  | Reached skill level 27 in Invocations
 56896 | Slime:5  | Entered Level 5 of the Pits of Slime
 56993 | Slime:5  | Reached skill level 15 in Armour
 56996 | Slime:5  | Noticed the Royal Jelly
 56996 | Slime:5  | Gained mutation: You are dopey. (Int -2) [a shining eye]
 57118 | Slime:5  | Killed the Royal Jelly
 57139 | Slime:4  | Mangled by an acid blob

Illustrated notes

Levels and vault maps discovered:
D:1:      evilmike_arrival_rings, layout_basic
D:2:      layout_basic, uniq_robin
D:3:      layout_loops_corners, grunt_dithmenos_smoke_and_mirrors, uniq_sigmund
D:4:      layout_basic
D:5:      layout_basic, uniq_eustachio
D:6:      layout_loops_corners, minmay_temple_entry_junction,
          minmay_splitting_lines, hangedman_feature_mirror
D:7:      layout_basic, enter_bailey_3, uniq_menkaure
D:8:      layout_loops_cross, makhleb_altar_promises_db, uniq_maurice,
          uniq_joseph
D:9:      layout_small_grid, gammafunk_ghost_grave, kennysheep_crisscross,
          minivault_19, elyvilon_altar_3, uniq_erica
D:10:     layout_cross, erik_orc_3, minmay_misc_feat_hallway, uniq_erolcha
D:11:     layout_roguey, erik_lair_dragon, serial_shops, shop
D:12:     layout_roguey, basic_altar, st_stairs_6
D:13:     layout_loops_ring
D:14:     layout_rooms, david_vaults_1, minmay_misc_feat_pillars
D:15:     gammafunk_depths_entry_grave, layout_long_grid,
          minmay_tree_intersection
Temple:   roderic_octagonal_lattice_temple
Lair:1:   layout_long_grid, hellmonk_ghost_happy_afterlife,
          portal_ice_cave_entry_pillars_1, beast_lair_carwin_6,
          grunt_megastairs_1, serial_bayou_shore_b
Lair:2:   layout_chaotic_city, ldierk_geyser
Lair:3:   layout_gridlike, dummy_spider_entry, kb_xom_exploding_sheep
Lair:4:   layout_gridlike, minmay_swamp_entry_worms, special_room
          [special_room_bee], st_stairs_12, beast_lair_carwin_4
Lair:5:   layout_regular_city
Lair:6:   hangedman_lair_tendril_chambers, layout_gridlike,
          guppyfry_lair_end_dragon, slime_altar_1, basic_altar,
          infiniplex_staircase_pool_2
Swamp:1:  layout_basic_swamp, infiniplex_staircase_pool
Swamp:2:  layout_basic_swamp, evilmike_swamp_ruin_house_1, uniq_jorgrun
Swamp:3:  layout_basic_swamp, hangedman_swamp_lotus, swamp_pool4,
          nicolae_swamp_very_dense_foliage
Swamp:4:  swamp_icy, layout_basic_swamp
Spider:1: layout_spider_delve, spiders_nest_spider_trap
Spider:2: layout_chambers, einodemon_crawler_minivault
Spider:3: layout_chambers
Spider:4: grunt_spider_rune_circles, uniq_kirke, uniq_louise
Slime:1:  layout_caves, nicolae_slime_ancient_tower_intersection
Slime:2:  layout_caves, cheibrodos_slime_lost_civilization_6
Slime:3:  layout_caves
Slime:4:  layout_caves
Slime:5
Orc:1:    layout_diamond_mine, serial_shops, nicolae_shop_waterfront
Orc:2:    pf_orc_diabolical, layout_diamond_mine
Elf:1:    minmay_elf_arrival_plus, layout_geoelf_octagon, basic_altar,
          serial_shops, nicolae_shop_waterfront,
          hangedman_elven_crosses_minicolossus, grunt_ministairs_10
Elf:2:    layout_geoelf_diagonals, serial_shops, shop
Elf:3:    minmay_elf_hall, layout_geoelf_castle, serial_shops, bzr_entry_islet,
          nicolae_shop_behind_doors, shop, nicolae_trove_entry_columns,
          minivault_20, columned_hall_lemuel, lemuel_statue_altar
Vaults:1: v_rooms_2, nicolae_vaults_minivaults, ontoclasm_vaults_shuriken,
          hangedman_vaults_trim, nicolae_vaults_network_periphery, v_misc_3,
          v_alt_pattern_4, layout_vaults_ring, uniq_aizul, uniq_saint_roka
Vaults:2: hangedman_vaults_impose, grunt_vaults_diagonal, v_pattern_1, v_misc_8,
          vaults_room_glass_cross, minmay_crypt_entry_necro_gods, v_misc_18,
          vaults_dpeg_diagonal, nicolae_vaults_three_branches,
          layout_vaults_quadrants
Vaults:3: v_misc_9, nicolae_vaults_angled_halls, vaults_dpeg_cross,
          nicolae_vaults_diagonal_hallway_9, hangedman_vaults_trim,
          nicolae_vaults_diagonal_hallway_7, layout_vaults_chaotic_city
Vaults:4: nicolae_vaults_shelves_hall, v_misc_16,
          nicolae_vaults_border_crossing, v_pattern_3, grunt_vaults_trifunnel,
          nicolae_vaults_theta, nicolae_vaults_triangles, grunt_vaults_focal,
          hangedman_vaults_hard_town_square, v_misc_1, ontoclasm_vaults_bender,
          vaults_standard_mumra_x, vaults_dpeg_ring, layout_vaults_maze
Crypt:1:  layout_chaotic_city, basic_altar, grunt_crypt_arrival_webbed
Crypt:2:  layout_chaotic_city
Crypt:3:  due_elkab, layout_chaotic_city, grunt_ministairs_11, uniq_mara
Depths:1: layout_gridlike, pf_vacation_house_of_asmodeus,
          nemelex_diamond_rough_becter, hangedman_decor_cross_pass
Depths:2: minmay_bloctagon_deflated, layout_cave_shapes,
          minmay_staircase_statues_hall_small, hell_entry, grunt_decor_cap,
          grunt_ministairs_14, chequers_decorated_corner, minmay_serpent_palace,
          serial_bayou_shore_a
Depths:3: hangedman_slaughterboxes, hell_entry, pan_entry, uniq_xtahua
Depths:4: kennysheep_four_of_diamonds, layout_cave_pools, abyss_entry,
          hangedman_decor_growths, grunt_metal_band, dk_noncrumbling_4
Depths:5: grunt_zot_entry_tricorne, layout_cave_pools, enter_ziggurat_f,
          minmay_misc_feat_roman, hell_entry, serial_bayou_pond_d,
          minmay_shop_grove, uniq_boris

Skill      XL: |  1  2  3  4  5  6  7  8  9 10 11 12 13 14 15 16 17 18 19 20 21 22 23 24 |
---------------+-------------------------------------------------------------------------+-----
Long Blades    | 3 4 5 6 7 8 10 11 12 13 14 | 14.2
Dodging        | 3 4 5 6 7 8 9 10 11 12 13 14 | 14.0
Fighting       | 3 4 5 7 8 9 10 11 12 13 14 15 16 17 18 19 20 21 22 23 | 23.0
Invocations    | 5 7 10 12 13 15 16 17 19 20 21 22 23 24 26 27 | 27.0
Armour         | 4 6 9 11 13 15 | 15.3
Shields        | 4 9 11 14 15 | 15.0
Throwing       | |  1.7

Action                   |  1- 3 |  4- 6 |  7- 9 | 10-12 | 13-15 | 16-18 | 19-21 | 22-24 || total
-------------------------+-------+-------+-------+-------+-------+-------+-------+-------++-------
Melee: Long sword        |   145 |   168 |   396 |    14 |       |       |       |       ||   723
       Kick              |       |       |   146 |   274 |   491 |   707 |  1350 |   868 ||  3836
       Scimitar          |       |       |       |   592 |   272 |    13 |       |       ||   877
       Punch             |       |       |       |     3 |     2 |       |       |       ||     5
       Great sword       |       |       |       |       |   658 |   172 |       |       ||   830
       Demon blade       |       |       |       |       |       |  1226 |  2363 |  1482 ||  5071
Throw: Dart              |       |       |     2 |       |       |       |       |       ||     2
Invok: Heroism           |       |       |       |     6 |     9 |     5 |       |       ||    20
       Major Destruction |       |       |       |       |       |       |       |     4 ||     4
       Greater Servant o |       |       |       |       |       |       |       |     2 ||     2
Evoke: Wand              |       |       |     6 |     4 |       |       |     5 |     1 ||    16
  Use: Scroll            |       |       |     9 |     7 |    11 |    19 |    14 |    11 ||    71
       Potion            |       |       |       |     4 |       |     2 |    14 |    12 ||    32
 Stab: Paralysed         |       |       |       |     7 |       |       |       |       ||     7
       Fleeing           |       |       |       |       |     1 |       |       |       ||     1
       Held in net/web   |       |       |       |       |       |     2 |       |       ||     2
       Distracted        |       |       |       |       |       |     1 |       |     2 ||     3
Armor: Ring mail         |    62 |    57 |   246 |    52 |       |       |       |       ||   417
       Leather armour    |     4 |       |       |       |       |       |       |       ||     4
       Skin              |       |       |     9 |       |       |       |       |       ||     9
       Troll leather arm |       |       |       |    50 |   249 |   292 |   349 |   313 ||  1253
Dodge: Dodged            |    86 |    99 |   356 |   430 |  1176 |  1041 |  1081 |   867 ||  5136
Block: Buckler           |       |       |       |       |       |    64 |       |   450 ||   514
       Kite shield       |       |       |       |       |       |   720 |  1172 |   201 ||  2093
       Reflection        |       |       |       |       |       |    24 |       |    43 ||    67
       Rpst.: Long sword |    29 |    33 |    98 |     4 |       |       |       |       ||   164
       Scimitar          |       |       |       |   117 |    75 |     2 |       |       ||   194
       Great sword       |       |       |       |       |   225 |    57 |       |       ||   282
       Demon blade       |       |       |       |       |       |   149 |   209 |   149 ||   507

Table legend: (Time is in decaauts)
 A = Elapsed time spent in this place.
 B = Non-inter-level travel time spent in this place.
 C = Inter-level travel time spent in this place.
 D = Time resting spent in this place.
 E = Time spent auto-exploring this place.
 F = Levels seen in this place.
 G = Mean time per level.
                   A        B        C        D        E       F      G
               +--------+--------+--------+--------+--------+-----+--------+
         Total |  55514 |  50384 |   5130 |   7081 |  30156 |  55 | 1009.3 |
       Dungeon |  18322 |  16400 |   1922 |   3306 |  10354 |  15 | 1221.5 |
        Temple |    178 |    162 |     16 |    106 |      0 |   1 |  178.0 |
          Lair |   6553 |   5669 |    884 |    212 |   4313 |   6 | 1092.2 |
         Swamp |   3808 |   3525 |    283 |    541 |   2112 |   4 |  952.0 |
   Spider Nest |   4527 |   4330 |    197 |    518 |   2902 |   4 | 1131.8 |
    Slime Pits |    251 |    251 |      0 |     11 |      0 |   5 |   50.2 |
  Orcish Mines |   3007 |   2365 |    642 |    795 |    619 |   2 | 1503.5 |
   Elven Halls |   3300 |   3096 |    204 |    268 |   1350 |   3 | 1100.0 |
        Vaults |   6877 |   6469 |    408 |   1028 |   3655 |   4 | 1719.2 |
         Crypt |   2951 |   2748 |    203 |      0 |   1641 |   3 |  983.7 |
        Depths |   5039 |   4673 |    366 |    142 |   3118 |   5 | 1007.8 |
        Bazaar |     87 |     87 |      0 |      0 |      0 |   1 |   87.0 |
        Bailey |      5 |      5 |      0 |      0 |      0 |   1 |    5.0 |
      Ice Cave |    603 |    603 |      0 |    154 |     90 |   1 |  603.0 |
               +--------+--------+--------+--------+--------+-----+--------+

Top non-repeatable levels by time:
   Orc:2: 2371 daAuts
Vaults:1: 2152 daAuts
    D:11: 2067 daAuts
     D:7: 1882 daAuts
   Elf:3: 1842 daAuts
Vaults:2: 1677 daAuts
Vaults:3: 1644 daAuts
  Lair:6: 1541 daAuts
     D:5: 1480 daAuts
 Crypt:3: 1478 daAuts
Vaults:4: 1402 daAuts
     D:1: 1339 daAuts
 Swamp:4: 1331 daAuts
Depths:3: 1265 daAuts
Spider:2: 1251 daAuts
